 Dungeon Crawl Stone Soup version 0.30-a0-739-gea05faddec (webtiles) character file.

Game seed: 10573551228499615454

661 Farfigtubin the Thaumaturge (level 7, -11/36 HPs)
             Began as a Deep Elf Earth Elementalist on Feb 5, 2023.
             Was an Initiate of Gozag.
             Mangled by an ice beast (16 damage)
             ... on level 5 of the Dungeon.
             The game lasted 00:26:16 (2820 turns).

Farfigtubin the Thaumaturge (DEEE)                  Turns: 2820, Time: 00:26:17

Health: -11/36     AC:  3    Str:  5    XL:     7   Next: 30%
Magic:  19/29      EV: 12    Int: 25    God:    Gozag
Gold:   230        SH:  0    Dex: 15    Spells: 16/22 levels left

rFire   + + +      SeeInvis .    s - staff of fire
rCold   x . .      Faith    .    (no shield)
rNeg    . . .      Spirit   .    a - +0 robe
rPois   .          Reflect  .    v - +1 hat
rElec   +          Harm     .    (no cloak)
rCorr   .          Rampage  .    (no gloves)
Will    .....                    (no boots)
Stlth   ++                       c - amulet of regeneration
HPRegen 1.06/turn                w - ring "Jotyotyu" {rElec rF+ MP+9 Int+3}
MPRegen 0.21/turn                t - ring of fire

@: gold aura
A: no striking features
a: Renounce Religion, Potion Petition, Call Merchant, Bribe Branch


You were on level 5 of the Dungeon.
You worshipped Gozag.
Gozag was aware of your devotion.
You visited 2 branches of the dungeon, and saw 6 of its levels.

You collected 288 gold pieces.
You paid 58 gold pieces to Gozag.

Inventory:

Missiles
 x - a throwing net
Armour
 a - a +0 robe (worn)
 v - a +1 hat (worn)
Magical Staves
 s - a staff of fire (weapon)
Jewellery
 c - an amulet of regeneration (around neck)
 e - a ring of wizardry
 j - a +6 ring of strength
 t - a ring of fire (right hand)
 w - the ring "Jotyotyu" (left hand) {rElec rF+ MP+9 Int+3}
   (You found it on level 4 of the Dungeon)

   [ring of magical power]

   Int:       It affects your intelligence (+3).
   rF:        It protects you from fire.
   rElec:     It insulates you from electricity.
   MP:        It affects your magic capacity (+9).
Scrolls
 f - 2 scrolls of identify {unknown}
 g - 3 scrolls of magic mapping {unknown}
 h - 3 scrolls of vulnerability {unknown}
 k - a scroll of enchant armour {unknown}
 l - a scroll of silence {unknown}
 m - a scroll of teleportation {unknown}
 o - a scroll of amnesia {unknown}
 p - 2 scrolls of fear {unknown}
 q - a scroll of fog {unknown}
 y - a scroll of acquirement {unknown}
Potions
 b - a potion of magic
 d - a potion of cancellation {unknown}
 i - 3 potions of haste {unknown}
 n - a potion of invisibility {unknown}
 r - a potion of heal wounds {unknown}
 u - a potion of flight {unknown}


   Skills:
 + Level 2.5 Dodging
 + Level 3.1 Stealth
 + Level 8.2 Spellcasting
 + Level 1.2 Transmutations
 + Level 1.1 Fire Magic
 + Level 6.3 Earth Magic


You had 16 spell levels left.
You knew the following spells:

 Your Spells              Type           Power      Damage    Failure   Level
a - Sandblast             Erth           82%        2d17      1%          1
b - Scorch                Fire           72%        2d8       5%          2
c - Stone Arrow           Conj/Erth      52%        3d10      4%          3

Your spell library contained the following spells:

 Spells                   Type           Power      Damage    Failure   Level
 Passwall                 Tmut/Erth      24%        N/A       1%          2
 Petrify                  Tmut/Erth      29%        N/A       12%         4
 Flame Wave               Conj/Fire      29%        2d9       43%         4
 Summon Forest            Summ/Tloc      5%         N/A       86%         5
 Summon Mana Viper        Hex/Summ       10%        N/A       86%         5
 Summon Cactus Giant      Summ           5%         N/A       100%        6


Dungeon Overview and Level Annotations

Branches:
Dungeon (5/15)             Temple (1/1) D:4

Altars:
Ashenzari
Cheibriados
Elyvilon
Fedhas
Gozag
Hepliaklqana
Kikubaaqudgha
Makhleb
Nemelex Xobeh
Okawaru
Qazlal
Ru
Sif Muna
Trog
Uskayaw
Vehumet
Xom
Zin
The Shining One

Shops:
D:1 :   D:5 *

Annotations:
D:3 1 runed translucent door, jimonade's ghost, amateur DjGl


Message History

Aim: a phantom (lightly damaged, 79% to hit)
The blast of sand hits the phantom.
The phantom is moderately damaged.
The phantom closely misses you. The phantom barely misses you.
Aiming: Sandblast (safe; 1% risk of failure)
Press: ? - help, Q - select action, (/) - cycle Shift-Dir - straight line, f/p - phantom
Aim: a phantom (moderately damaged, 79% to hit)
The blast of sand hits the phantom!
The phantom is severely damaged.
The phantom closely misses you.
Aiming: Sandblast (safe; 1% risk of failure)
Press: ? - help, Q - select action, (/) - cycle Shift-Dir - straight line, f/p - phantom
Aim: a phantom (severely damaged, 79% to hit)
The blast of sand hits the phantom but does no damage.
The phantom is severely damaged.
The phantom misses you. The phantom closely misses you.
Aiming: Sandblast (safe; 1% risk of failure)
Press: ? - help, Q - select action, (/) - cycle Shift-Dir - straight line, f/p - phantom
Aim: a phantom (severely damaged, 79% to hit)
The blast of sand hits the phantom.
You destroy the phantom!
Your Spellcasting skill increases to level 8!
Casting: Sandblast (safe; 1% risk of failure)
Confirm with . or Enter, or press ? or * to list all spells.
You feel a strong surge of power!
Flames lash the ice beast.
The ice beast is lightly wounded.
The ice beast's fire resistance burns away.
The ice beast hits you. The ice beast freezes you!!
You feel a terrible chill!
Ouch! That really hurt!
* * * LOW HITPOINT WARNING * * *
Casting: Scorch (safe; 5% risk of failure)
Confirm with . or Enter, or press ? or * to list all spells.
You feel a strong surge of power!
Flames lash the ice beast.
The ice beast melts!
The ice beast is moderately wounded.
The ice beast hits you.
* * * LOW HITPOINT WARNING * * *
The ice beast freezes you!
You feel a terrible chill!
You die...
Your body crumbles into a pile of gold.

#.### #..#.........#
#...# ##......###
###.# #.####c.#
#####.### #.# #W.#
.......># ## #..#
###.###.###.# #..#
#. #.....# #..#
#.###.###########..#
#.............@Y...#
###.........######.#
##.######........#
######)# ##########
.......# ########


You could see an ice beast (combustible).

Vanquished Creatures
  A centaur (D:5)
  A phantom (D:5)
  2 scorpions
  2 jellies
  3 hounds
  Terence (D:2)
  2 iguanas (D:5)
  3 gnolls (D:5)
  5 adders (D:3)
  3 worms (D:2)
  3 dart slugs
  7 orcs
  7 ball pythons
  5 endoplasms
  4 giant cockroaches
  5 goblins
  5 hobgoblins
  7 jackals (D:1)
  2 quokkas (D:1)
  5 bats
  2 frilled lizards
  7 kobolds
  3 rats (D:3)
85 creatures vanquished.

Notes
Turn   | Place    | Note
-------+----------+-------------------------------------------
     0 | D:1      | Farfigtubin the Deep Elf Earth Elementalist began the quest
                  | for the Orb.
     0 | D:1      | Reached XP level 1. HP: 10/10 MP: 6/6
    61 | D:1      | Reached XP level 2. HP: 15/15 MP: 1/8
   417 | D:1      | Reached XP level 3. HP: 19/19 MP: 5/10
   425 | D:1      | Found Sicuoc's Book Shop.
   441 | D:1      | Learned a level 2 spell: Scorch
   621 | D:2      | Reached skill level 4 in Spellcasting
   762 | D:2      | Noticed Terence
   866 | D:2      | Killed Terence
   867 | D:2      | Reached XP level 4. HP: 24/24 MP: 6/12
  1013 | D:2      | Found a faded altar of an unknown god.
  1110 | D:3      | Reached skill level 5 in Spellcasting
  1141 | D:3      | Learned a level 3 spell: Stone Arrow
  1225 | D:3      | Reached XP level 5. HP: 28/28 MP: 12/14
  1372 | D:3      | Noticed jimonade's ghost (amateur DjGl)
  1375 | D:3      | Found a runed translucent door.
  1475 | D:3      | Found a glowing golden altar of the Shining One.
  1482 | D:3      | Found a blossoming altar of Fedhas.
  1489 | D:3      | Found a hazy altar of Hepliaklqana.
  1826 | D:4      | Reached skill level 5 in Earth Magic
  1848 | D:4      | Reached skill level 6 in Spellcasting
  1951 | D:4      | Identified the ring "Jotyotyu" {rElec rF+ MP+9 Int+3}
  2019 | D:4      | Reached skill level 1 in Fire Magic
  2019 | D:4      | Reached XP level 6. HP: 32/32 MP: 17/17
  2072 | D:4      | Found a snail-covered altar of Cheibriados.
  2092 | D:4      | Found a staircase to the Ecumenical Temple.
  2101 | Temple   | Entered the Ecumenical Temple
  2233 | Temple   | Became a worshipper of Gozag Ym Sagoz the Greedy
  2306 | D:4      | Found a glowing silver altar of Zin.
  2586 | D:5      | Entered Level 5 of the Dungeon
  2680 | D:5      | Found Yreqocuo's General Store.
  2680 | D:5      | Noticed an ice beast
  2711 | D:5      | Reached skill level 7 in Spellcasting
  2814 | D:5      | Reached XP level 7. HP: 23/36 MP: 20/20
  2819 | D:5      | Reached skill level 8 in Spellcasting
  2820 | D:5      | Mangled by an ice beast

Illustrated notes

Levels and vault maps discovered:
D:1:      co_arrival_random_square_maze, layout_rooms, serial_shops,
          nicolae_diamond_shop
D:2:      layout_rooms, shapermc_ecumenical_altar_mp_urbaneastern, uniq_terence
D:3:      layout_loops_cross, grunt_temple_overflow_diamond,
          hellmonk_ghost_happy_afterlife, minmay_fountain_box,
          dk_noncrumbling_2, nicolae_half_adder
D:4:      layout_loops_ring, general_overflow_altar, kennysheep_slug_shrine,
          temple_hall, hex_medium
D:5:      layout_loops_ring, kennysheep_windowed_goal
Temple:   nicolae_temple_great_sept

Skill      XL: |  1  2  3  4  5  6  7 |
---------------+----------------------+-----
Earth Magic    | 4 5 6 |  6.3
Spellcasting   | 4 5 6 7 8 |  8.2
Fire Magic     | 1 |  1.1
Stealth        | 3 |  3.1
Dodging        | |  2.5
Transmutations | |  1.2

Action                     |  1- 3 |  4- 6 |  7- 9 || total
---------------------------+-------+-------+-------++-------
   Cast: Sandblast         |    60 |    52 |     5 ||   117
         Scorch            |     2 |     6 |     2 ||    10
 Armour: Robe              |     7 |     2 |     1 ||    10
  Dodge: Dodged            |    14 |    11 |     5 ||    30

Table legend: (Time is in decaauts)
 A = Elapsed time spent in this place.
 B = Non-inter-level travel time spent in this place.
 C = Inter-level travel time spent in this place.
 D = Time resting spent in this place.
 E = Time spent auto-exploring this place.
 F = Levels seen in this place.
 G = Mean time per level.
                   A        B        C        D        E       F      G
               +--------+--------+--------+--------+--------+-----+--------+
         Total |   2875 |   2854 |     21 |     72 |    334 |   6 |  479.2 |
       Dungeon |   2731 |   2710 |     21 |     72 |    334 |   5 |  546.2 |
        Temple |    143 |    143 |      0 |      0 |      0 |   1 |  143.0 |
               +--------+--------+--------+--------+--------+-----+--------+

Top non-repeatable levels by time:
     D:3: 765 daAuts
     D:4: 638 daAuts
     D:1: 596 daAuts
     D:2: 485 daAuts
     D:5: 245 daAuts
  Temple: 143 daAuts
